 Dungeon Crawl Stone Soup version 0.29.1 (webtiles) character file.

Game seed: 1933953224306663906

892 qw the Cleaver (level 7, -5/67 HPs)
             Began as a Minotaur Berserker on Sept 13, 2022.
             Was a Believer of Trog.
             Slain by a gnoll
             ... wielding a +0 club
              (6 damage)
             ... on level 4 of the Dungeon.
             The game lasted 00:01:09 (3589 turns).

qw the Cleaver (Minotaur Berserker)                 Turns: 3589, Time: 00:01:09

Health: -5/67      AC:  7    Str: 24    XL:     7   Next: 78%
Magic:  6/6        EV: 10    Int:  4    God:    Trog [**....]
Gold:   200        SH:  0    Dex:  9    Spells: 6/6 levels left

rFire   . . .      SeeInvis .   Y - +0 war axe
rCold   . . .      Faith    .   (no shield)
rNeg    + . .      Spirit   .   c - +0 scale mail
rPois   .          Reflect  .   (helmet restricted)
rElec   .          Harm     .   (no cloak)
rCorr   .          Rampage  .   (no gloves)
Will    .....                   h - +0 pair of boots
Stlth   ..........              (no amulet)
HPRegen 0.21/turn               e - ring of positive energy
MPRegen 0.10/turn               (no ring)

@: lethally poisoned (-5 -> -11), on berserk cooldown, slowed, very slow
A: horns 2, retaliatory headbutt
a: Renounce Religion, Berserk, Trog's Hand


You were on level 4 of the Dungeon.
You worshipped Trog.
Trog was pleased with you.
You visited 1 branch of the dungeon, and saw 4 of its levels.

You collected 200 gold pieces.


Innate Abilities, Weirdness & Mutations

You have a pair of horns on your head.
You reflexively headbutt those who attack you in melee.


   Skills:
 - Level 7.6 Fighting
 + Level 9.0 Axes
 - Level 2.4 Armour
 - Level 2.1 Dodging


You had 6 spell levels left.
You didn't know any spells.
Your spell library was empty.

Inventory:

Hand Weapons
 f - a +0 whip
 Y - a +0 war axe (weapon)
Armour
 c - a +0 scale mail (worn)
 h - a +0 pair of boots (worn)
Jewellery
 e - a ring of positive energy (left hand)
Scrolls
 a - a scroll of enchant armour {unknown}
 b - a scroll of torment {unknown}
 j - 2 scrolls of identify

Dungeon Overview and Level Annotations

Branches:
Dungeon (4/15)             Temple (0/1) D:4

Altars:
Vehumet


Message History

You furiously retaliate!
You headbutt the lemure, but do no damage.
Pikel hits you with a +0 whip of electrocution.
The lemure hits you but does no damage.
You closely miss Pikel. You headbutt Pikel, but do no damage.
Pikel is almost dead.
You barely miss the lemure. The lemure hits you. Pikel barely misses you.
You miss Pikel. You headbutt Pikel.
You kill Pikel!
Trog accepts your kill.
You hit the lemure but do no damage. You slash the lemure!
You kill the lemure!
That felt strangely unrewarding.
With Pikel's spell broken, his former minions thank you for their freedom.
The lemure departs this earthly plane. x2
The gnoll hits you but does no damage. x2
Your Fighting skill gained 3 levels and is now at level 7!
You have reached level 7!
You slash the scorpion!
The scorpion is heavily wounded.
You hit the gnoll. x2
The scorpion closely misses you. The gnoll hits you with a +0 club!
The gnoll hits you but does no damage. The scorpion stings you.
The gnoll barely misses you. The gnoll closely misses you.
You barely miss the scorpion. Your headbutt misses the scorpion.
The scorpion is heavily wounded.
You hit the gnoll. You closely miss the gnoll. The scorpion closely misses you.
The gnoll hits you with a +0 club. The gnoll barely misses you.
The scorpion stings you.
You are lethally poisoned!
The scorpion poisons you!
You barely miss the scorpion.
The scorpion is heavily wounded.
You hit the gnoll. x2
You feel very sick. The scorpion barely misses you. You furiously retaliate!
You headbutt the scorpion. The gnoll misses you.
The gnoll hits you with a +0 club.
You die...

#####......##
............#
##.........#
#..#.......#
#####.####.....##
...............>#
...##.##..##....# .
.....)...###..).####....
###...#### ####.@g......
###.<.## ##sg.....#
#......###### ¤...:...#
....#........ ¤#........
.##..#....##..##..##....
####.####.# .. ...# .#..
####.## .#.. .... . .
...#..###.#. .... .
.#..........


You could see a scorpion and 2 gnolls.

Vanquished Creatures
  Pikel (D:4)
  Eustachio (D:4)
  2 lemures (D:4)
  2 orc priests (D:4)
  3 orc wizards
  5 gnolls
  4 adders
  A shadow imp (D:3)
  2 dart slugs (D:1)
  5 orcs
  4 ball pythons
  3 bats
  3 endoplasms (D:1)
  5 giant cockroaches
  9 goblins
  7 hobgoblins
  7 jackals (D:1)
  A quokka (D:2)
  3 frilled lizards
  6 kobolds
  4 rats
78 creatures vanquished.

Notes
Turn   | Place    | Note
-------+----------+-------------------------------------------
     0 | D:1      | qw the Minotaur Berserker began the quest for the Orb.
     0 | D:1      | Reached XP level 1. HP: 19/19 MP: 0/0
     0 | D:1      | 0 ||| qw: Version: 0.1-a-119-g272c26d
     0 | D:1      | 0 ||| qw: Game counter: 11143
     0 | D:1      | 0 ||| qw: Always use a shield: true
     0 | D:1      | 0 ||| qw: Do Orc after D:15 true
     0 | D:1      | 0 ||| qw: Do second Lair branch before Depths: true
     0 | D:1      | 0 ||| qw: Lair rune preference: random
     0 | D:1      | 0 ||| qw: Plans: Normal
     0 | D:1      | 0 ||| PLANNING D:1-11
   139 | D:1      | Reached skill level 4 in Axes
   258 | D:1      | 258 ||| Stepping ~*~*~tactically~*~*~ (stealth).
   265 | D:1      | Reached XP level 2. HP: 23/26 MP: 1/1
   875 | D:1      | Reached skill level 5 in Axes
   886 | D:1      | 886 ||| Stepping ~*~*~tactically~*~*~ (stealth).
   895 | D:1      | 895 ||| Stepping ~*~*~tactically~*~*~ (stealth).
  1039 | D:1      | 1039 ||| Stepping ~*~*~tactically~*~*~ (hiding).
  1042 | D:1      | Reached XP level 3. HP: 31/31 MP: 2/2
  1143 | D:1      | 1143 ||| Stepping ~*~*~tactically~*~*~ (hiding).
  1243 | D:1      | Reached ** piety under Trog
  1507 | D:1      | 1507 ||| UPGRADING to +0 scale mail.
  1517 | D:1      | 1517 ||| DROPPING +0 animal skin.
  1518 | D:1      | 1518 ||| DROPPING orb of guile.
  1519 | D:1      | 1519 ||| UPGRADING to +0 pair of boots.
  1524 | D:1      | 1524 ||| READING scroll labelled ASSOARA BUCOKH.
  1548 | D:1      | 1548 ||| Stepping ~*~*~tactically~*~*~ (stealth).
  1588 | D:2      | 1588 ||| STAIRDANCE
  1985 | D:2      | Reached skill level 6 in Axes
  1985 | D:2      | Reached XP level 4. HP: 39/39 MP: 3/3
  2189 | D:2      | 2189 ||| DROPPING amulet of faith.
  2190 | D:2      | 2190 ||| READING scroll labelled NIFRATE OLEC.
  2191 | D:2      | 2191 ||| READING scroll labelled ONYTEB UCZUQI.
  2192 | D:2      | 2192 ||| READING 3 scrolls labelled COHA IFUMMI.
  2193 | D:2      | 2193 ||| READING scroll labelled TIUGHINYIW.
  2194 | D:2      | 2194 ||| READING 2 scrolls of identify.
  2194 | D:2      | 2194 ||| IDENTIFYING coppery potion
  2195 | D:2      | 2195 ||| DROPPING potion of berserk rage.
  2240 | D:3      | Found a radiant altar of Vehumet.
  2272 | D:3      | 2272 ||| Stepping ~*~*~tactically~*~*~ (hiding).
  2273 | D:3      | 2273 ||| Stepping ~*~*~tactically~*~*~ (hiding).
  2275 | D:3      | 2275 ||| INVOKING Berserk.
  2386 | D:3      | 2386 ||| DROPPING +0 club.
  2458 | D:3      | 2458 ||| SWAPPING to +0 war axe.
  2484 | D:3      | 2484 ||| DROPPING +0 spectral hand axe.
  2661 | D:3      | 2661 ||| Stepping ~*~*~tactically~*~*~ (hiding).
  2662 | D:3      | 2662 ||| Stepping ~*~*~tactically~*~*~ (hiding).
  2663 | D:3      | 2663 ||| Stepping ~*~*~tactically~*~*~ (hiding).
  2664 | D:3      | 2664 ||| INVOKING Berserk.
  2672 | D:3      | Reached skill level 7 in Axes
  2672 | D:3      | Reached XP level 5. HP: 45/45 MP: 4/4
  3103 | D:3      | Found a faded altar of an unknown god.
  3266 | D:3      | 3266 ||| UPGRADING to ring of positive energy.
  3267 | D:3      | 3267 ||| READING scroll labelled MEKIDE WOESEU.
  3268 | D:3      | 3268 ||| READING scroll labelled YLYNKO SUNUO.
  3273 | D:3      | 3273 ||| READING 2 scrolls of identify.
  3273 | D:3      | 3273 ||| IDENTIFYING fuming cyan potion
  3274 | D:3      | 3274 ||| DROPPING potion of lignification.
  3281 | D:4      | 3281 ||| PLANNING SEWER
  3286 | D:4      | Noticed Eustachio
  3288 | D:4      | Found a staircase to the Ecumenical Temple.
  3290 | D:4      | 3290 ||| INVOKING Berserk.
  3300 | D:4      | Killed Eustachio
  3301 | D:4      | Reached skill level 8 in Axes
  3301 | D:4      | Reached XP level 6. HP: 24/52 MP: 5/5
  3565 | D:4      | 3565 ||| Stepping ~*~*~tactically~*~*~ (hiding).
  3568 | D:4      | 3568 ||| INVOKING Berserk.
  3568 | D:4      | Noticed Pikel
  3574 | D:4      | Reached skill level 9 in Axes
  3586 | D:4      | Killed Pikel
  3587 | D:4      | Reached XP level 7. HP: 19/67 MP: 6/6
  3587 | D:4      | HP: 12/67 [gnoll/+0 club (7)]
  3588 | D:4      | HP: 5/67 [scorpion (2)]
  3589 | D:4      | HP: 1/67 [poisoned by a scorpion]
  3589 | D:4      | Slain by a gnoll

Levels and vault maps discovered:
D:1:      ncdulo_wetmaze, layout_basic
D:2:      cheibrodos_helix_gallery, layout_basic, uniq_crazy_yiuf_cottage
D:3:      layout_basic, lemuel_crystal_altar,
          hellmonk_ecumenical_altar_prayer_group
D:4:      layout_rooms, pf_just_have_faith, lemuel_crystal_altar,
          grunt_qazlal_sundering, minmay_temple_entry_trees,
          portal_sewer_entry_f, uniq_pikel, uniq_eustachio

Skill      XL: |  1  2  3  4  5  6 |
---------------+-------------------+-----
Axes           | 4 5 6 7 8 9 |  9.0
Fighting       | 4 7 |  7.6
Armour         | |  2.4
Dodging        | |  2.1

Action                   |  1- 3 |  4- 6 |  7- 9 || total
-------------------------+-------+-------+-------++-------
Melee: Hand axe          |   100 |     6 |       ||   106
       Headbutt          |     8 |    11 |       ||    19
       Punch             |     1 |       |       ||     1
       War axe           |       |    74 |     3 ||    77
Invok: Berserk           |       |     4 |       ||     4
  Use: Scroll            |     1 |     8 |       ||     9
Armor: Animal skin       |     9 |       |       ||     9
       Scale mail        |     8 |    39 |     1 ||    48
Dodge: Dodged            |    48 |    35 |     7 ||    90

Table legend:
 A = Non-vault XP
 B = Vault XP
 C = Vault XP percentage of total XP
 D = Non-vault monster count
 E = Vault monster count
 F = Vault count percentage of total count
                 A         B        C        D         E       F
            +---------+---------+-------+---------+---------+-------
      Total |     417 |     858 |  67.3 |      69 |       7 |   9.2
            +---------+---------+-------+---------+---------+-------
        D:1 |      55 |       0 |   0.0 |      29 |       0 |   0.0
        D:2 |      28 |      15 |  34.9 |      10 |       2 |  16.7
        D:3 |     157 |       4 |   2.5 |      22 |       2 |   8.3
        D:4 |     177 |     839 |  82.6 |       8 |       3 |  27.3
            +---------+---------+-------+---------+---------+-------
